 Dungeon Sprint DCSS version 0.30.0-18-gc0e69614cb (webtiles) character file.

Game seed: 9398328613814527587

1794 Groucho the Fighter (level 9, 0/92 HPs)
             Began as a Naga Fighter on May 25, 2023.
             Was an Elder of Cheibriados.
             Slain by a slime creature (11 damage)
             ... in the Dungeon (Sprint IX: "|||||||||||||||||||||||||||||").
             The game lasted 00:02:42 (660 turns).

Groucho the Fighter (Naga Fighter)                   Turns: 660, Time: 00:02:43

Health: 0/92       AC: 10    Str: 28    XL:     9   Next: 9%
Magic:  9/9        EV: 15    Int: 17    God:    Cheibriados [****..]
Gold:   0          SH:  8    Dex: 30    Spells: 8/8 levels left

rFire   . . .        l - +1 broad axe (heavy)
rCold   . . .        c - +0 buckler
rNeg    . . .        m - +1 scale mail
rPois   +            (no helmet)
rElec   .            a - +0 cloak
rCorr   .            (no gloves)
SInv    +            (no barding)
Will    +....        (no amulet)
Stlth   +            b - +3 ring of dexterity
HPRegen 0.35/turn    n - +3 ring of dexterity
MPRegen 0.11/turn

%: no teleportation
@: mighty, very slow
A: AC +3, large, see invisible, deformed body, poison resistance, slowness 2,
spit poison 1, naga tail 1
a: Spit Poison, Renounce Religion, Bend Time, Temporal Distortion, Slouch


You were in the Dungeon.
You worshipped Cheibriados.
Cheibriados was greatly pleased with you.
You visited 1 branch

Inventory:

Hand Weapons
 l - a +1 heavy broad axe (weapon)
Armour
 a - a +0 cloak (worn)
 c - a +0 buckler (worn)
 m - a +1 scale mail (worn)
Jewellery
 b - a +3 ring of dexterity (left hand)
 n - a +3 ring of dexterity (right hand)
Wands
 k - a wand of iceblast (10)
Scrolls
 i - 2 scrolls of amnesia
 j - a scroll of blinking
Potions
 g - 4 potions of curing
 h - 4 potions of magic


   Skills:
 + Level 9.5 Fighting
 + Level 9.2 Axes
 + Level 7.9 Armour
 + Level 7.4 Dodging
 + Level 8.7 Shields


You had 8 spell levels left.
You didn't know any spells.
Your spell library was empty.

Dungeon Overview and Level Annotations

Branches:
Dungeon (1/1)

Altars:
Cheibriados
Dithmenos
Elyvilon
Fedhas
Gozag
Hepliaklqana
Kikubaaqudgha
Makhleb
Nemelex Xobeh
Okawaru
Qazlal
Ru
Sif Muna
Trog
Uskayaw
Vehumet
Wu Jian
Xom
Yredelemnul
Zin
The Shining One
Jiyva
Lugonu


Innate Abilities, Weirdness & Mutations

Your serpentine skin is tough. (AC +3)
You have supernaturally acute eyesight. (SInv)
Armour fits poorly on your strangely shaped body.
Your system is resistant to poisons. (rPois)
You cover ground very slowly.
You can spit poison.
You have a snake-like lower body.


Message History

The centaur warrior hits you! The centaur warrior closely misses you.
The centaur warrior hits you but does no damage.
The centaur warrior misses you.
There is an open door, spattered with blood here.
You slice the centaur warrior like a ripe choko!!!
The centaur warrior is almost dead.
The centaur warrior hits you. The centaur warrior misses you.
The centaur warrior barely misses you.
The centaur warrior kicks you but does no damage.
The centaur warrior hits you!
* * * LOW HITPOINT WARNING * * *
You block the centaur warrior's attack.
You slice the centaur warrior!!
You kill the centaur warrior!
Cheibriados thoroughly appreciates the change of pace.
You can now inflict damage on those overly hasty.
Cheibriados raises the support of your attributes as your movement slows.
The slime creature misses you.
Your Fighting skill increases to level 9!
Your Axes skill increases to level 9!
Your Dodging skill increases to level 7!
You have reached level 9!
Your experience leads to an increase in your attributes!
Your base attributes are Str 19, Int 8, Dex 13.
Increase (S)trength, (I)ntelligence, or (D)exterity?
You feel agile. x2; Your skin feels tougher.
You slice the slime creature!!
The slime creature is heavily wounded.
The slime creature misses you.
Unknown command.
You slash the slime creature!
The slime creature is severely wounded.
The slime creature barely misses you. The slime creature hits you!
* * * LOW HITPOINT WARNING * * *
Unknown command.
You slice the slime creature!!
The slime creature is almost dead.
The slime creature hits you but does no damage.
The slime creature hits you!
You die... ▓▓▓▓▓▓▓▓▓▓▓▓▓▓▓▓▓▓▓▓▓▓▓▓ ..)..[[..'....)[@Jyh...+ ▓▓▓▓▓▓▓▓▓▓▓▓▓▓▓▓▓▓▓▓▓▓▓▓

You could see a slime creature, a vampire mosquito and a howler monkey.

Vanquished Creatures
  A centaur warrior (D)
  A deep elf pyromancer (D)
  A troll (D)
  A shadow (D)
  A vampire (D)
  A yak (D)
  A vampire mosquito (D)
  A centaur (D)
  A scorpion (D)
  An orc priest (D)
  A sleepcap (D)
  A dart slug (D)
  An orc (D)
  A giant cockroach (D)
  A jackal (D)
  A quokka (D)
  A kobold (D)
  A rat (D)
18 creatures vanquished.

Vanquished Creatures (others)
  An ugly thing (D)
1 creature vanquished.

Grand Total: 19 creatures vanquished

Notes
Turn   | Place    | Note
-------+----------+-------------------------------------------
     0 | D        | Groucho the Naga Fighter began the quest for the Orb.
     0 | D        | Reached XP level 1. HP: 21/21 MP: 1/1
    21 | D        | Reached skill level 1 in Dodging
    23 | D        | Reached XP level 2. HP: 27/28 MP: 2/2
    29 | D        | Noticed a centaur
    29 | D        | Noticed a scorpion
    38 | D        | Killed a centaur
    39 | D        | Reached XP level 3. HP: 18/37 MP: 3/3
    39 | D        | Reached XP level 4. HP: 22/45 MP: 4/4
    48 | D        | Reached skill level 5 in Fighting
    48 | D        | Reached XP level 5. HP: 26/52 MP: 5/5
    52 | D        | Reached skill level 5 in Axes
    52 | D        | Reached skill level 5 in Shields
   559 | D        | Found a snail-covered altar of Cheibriados.
   559 | D        | Found a shadowy altar of Dithmenos.
   559 | D        | Found a white marble altar of Elyvilon.
   559 | D        | Found a blossoming altar of Fedhas.
   559 | D        | Found an opulent altar of Gozag.
   560 | D        | Found a hazy altar of Hepliaklqana.
   561 | D        | Found a viscous altar of Jiyva.
   562 | D        | Found an ancient bone altar of Kikubaaqudgha.
   563 | D        | Became a worshipper of Cheibriados the Contemplative
   564 | D        | Found a corrupted altar of Lugonu.
   565 | D        | Found a burning altar of Makhleb.
   566 | D        | Found a sparkling altar of Nemelex Xobeh.
   567 | D        | Found an iron altar of Okawaru.
   568 | D        | Found a stormy altar of Qazlal.
   569 | D        | Found a sacrificial altar of Ru.
   570 | D        | Found a shimmering blue altar of Sif Muna.
   571 | D        | Found a bloodstained altar of Trog.
   572 | D        | Found a hide-covered altar of Uskayaw.
   573 | D        | Found a radiant altar of Vehumet.
   574 | D        | Found an ornate altar of the Wu Jian Council.
   575 | D        | Found a shimmering altar of Xom.
   576 | D        | Found a basalt altar of Yredelemnul.
   577 | D        | Found a glowing silver altar of Zin.
   578 | D        | Found a glowing golden altar of the Shining One.
   625 | D        | Noticed a yak
   625 | D        | Noticed a vampire
   625 | D        | Noticed a shadow
   625 | D        | Noticed a vampire mosquito
   625 | D        | Noticed a troll
   629 | D        | Killed a yak
   630 | D        | Reached skill level 5 in Armour
   630 | D        | Reached XP level 6. HP: 40/63 MP: 6/6
   636 | D        | Killed a troll
   636 | D        | Reached * piety under Cheibriados
   637 | D        | Reached skill level 5 in Dodging
   637 | D        | Reached XP level 7. HP: 43/72 MP: 7/7
   640 | D        | Killed a vampire mosquito
   640 | D        | Reached ** piety under Cheibriados
   641 | D        | Killed a shadow
   642 | D        | Reached XP level 8. HP: 41/81 MP: 8/8
   645 | D        | Killed a vampire
   645 | D        | Reached *** piety under Cheibriados
   646 | D        | Noticed a purple ugly thing
   646 | D        | Noticed a deep elf pyromancer
   646 | D        | Noticed a centaur warrior
   646 | D        | Noticed a slime creature
   651 | D        | Killed a purple ugly thing
   652 | D        | Killed a deep elf pyromancer
   657 | D        | Killed a centaur warrior
   657 | D        | Reached **** piety under Cheibriados
   658 | D        | Reached XP level 9. HP: 20/92 MP: 9/9
   660 | D        | Slain by a slime creature

Illustrated notes

Levels and vault maps discovered:
D:        linesprint [early_d, line_temple, items_1, d_10, items_2, lair_1,
          lair_end, items_3, orc_1, orc_end, items_4, d_15, swamp_1, shoals_1,
          snake_1, spider_1, d_20, vaults_1, items_5, swamp_end, shoals_end,
          snake_end, spider_end, vaults_end, d_27, items_6, zot_1, zot_end,
          crypt_end, forest_end, elf_end, slime_end, tomb_end, abyss_end,
          pan_hell_end]

Skill      XL: |  1  2  3  4  5  6  7  8 |
---------------+-------------------------+-----
Dodging        | 1 2 3 4 5 6 7 |  7.4
Shields        | 3 4 6 7 8 |  8.7
Fighting       | 4 5 6 7 8 9 |  9.5
Axes           | 4 6 7 9 |  9.2
Armour         | 3 4 5 6 7 |  7.9

Action                     |  1- 3 |  4- 6 |  7- 9 || total
---------------------------+-------+-------+-------++-------
  Melee: War axe           |    25 |    11 |       ||    36
         Broad axe         |       |     7 |    20 ||    27
    Use: Potion            |     2 |     5 |     1 ||     8
         Scroll            |       |     1 |       ||     1
   Stab: Invisible         |       |     1 |     2 ||     3
 Armour: Scale mail        |     9 |     7 |     9 ||    25
  Dodge: Dodged            |     8 |    18 |    14 ||    40
  Block: Buckler           |     5 |     5 |     8 ||    18
